 Dungeon Crawl Stone Soup version 0.21.1-1-g345015f (webtiles) character file.

90 tidbits the Insei (level 4, -4/34 HPs)
             Began as a Gnoll Transmuter on Feb 21, 2018.
             Killed from afar by an orc wizard (7 damage)
             ... with a magic dart
             ... on level 3 of the Dungeon.
             The game lasted 00:01:49 (138 turns).

tidbits the Insei (Gnoll Transmuter)                 Turns: 138, Time: 00:01:50

Health: -4/34      AC:  2    Str: 12    XL:     4   Next: 56%
Magic:  11/11      EV: 15    Int: 17    God:
Gold:   18         SH:  0    Dex: 15    Spells: 10/13 levels left

rFire    . . .     SeeInvis .     - Unarmed
rCold    . . .     Gourm    .   (no shield)
rNeg     . . .     Faith    .   b - +0 robe
rPois    .         Spirit   .   (no helmet)
rElec    .         Reflect  .   (no cloak)
rCorr    .         Harm     .   (no gloves)
MR       .....                  (boots currently unavailable)
Stlth    ++........             (no amulet)
HPRegen  0.11/turn              (no ring)
MPRegen  0.12/turn              (no ring)

@: appendage (expiring), slowed, very slow
A: distributed training, fangs 1, talons 3, strong nose
a: End Transformation


You were on level 3 of the Dungeon.
You were not hungry.
You had grown temporary talons.
You visited 1 branch of the dungeon, and saw 3 of its levels.

You collected 18 gold pieces.

Inventory:

Hand Weapons
 h - a cursed -3 dagger
 i - a +0 rapier
Missiles
 a - 12 arrows
Armour
 b - a +0 robe (worn)
Scrolls
 e - 2 scrolls of immolation {unknown}
 f - 2 scrolls of remove curse {unknown}
Potions
 g - a potion of curing {unknown}
Books
 c - a book of Changes

   Spells                             Type                      Level
   a - Beastly Appendage              Transmutation                1
   b - Sticks to Snakes               Transmutation                2
   c - Spider Form                    Transmutation/Poison         3
   d - Ice Form                       Ice/Transmutation            4
   e - Blade Hands                    Transmutation                5
Comestibles
 d - a ration


   Skills:
 + Level 2.7 Fighting
 + Level 1.1 Short Blades
 + Level 1.1 Long Blades
 + Level 1.1 Axes
 + Level 1.1 Maces & Flails
 + Level 1.1 Polearms
 + Level 1.1 Staves
 + Level 1.1 Slings
 + Level 1.1 Bows
 + Level 1.1 Crossbows
 + Level 1.1 Throwing
 + Level 1.1 Armour
 + Level 4.6 Dodging
 + Level 1.1 Stealth
 + Level 1.1 Shields
 + Level 6.6 Unarmed Combat
 + Level 5.1 Spellcasting
 + Level 0.9 Conjurations
 + Level 0.9 Hexes
 + Level 0.9 Charms
 + Level 0.9 Summonings
 + Level 0.9 Necromancy
 + Level 0.9 Translocations
 + Level 3.8 Transmutations
 + Level 0.9 Fire Magic
 + Level 0.9 Ice Magic
 + Level 0.9 Air Magic
 + Level 0.9 Earth Magic
 + Level 0.9 Poison Magic
 + Level 1.2 Invocations
 + Level 1.1 Evocations


You had 10 spell levels left.
You knew the following spells:

 Your Spells              Type           Power        Failure   Level  Hunger
e - Beastly Appendage     Tmut           ###...       3%          1    None
k - Sticks to Snakes      Tmut           ###.....     4%          2    #......


Dungeon Overview and Level Annotations

Branches:
Dungeon (3/15)

Altars:


Innate Abilities, Weirdness & Mutations

Your experience applies equally to all skills.
You have very sharp teeth.
Your uncanny sense of smell can sniff out nearby items.
You have claws for feet.


Message History

Your Long Blades skill increases to level 1!
Your Axes skill increases to level 1!
Your Maces & Flails skill increases to level 1!
Your Polearms skill increases to level 1!
Your Staves skill increases to level 1!
Your Slings skill increases to level 1!
Your Bows skill increases to level 1!
Your Crossbows skill increases to level 1!
Your Throwing skill increases to level 1!
Your Armour skill increases to level 1!
Your Stealth skill increases to level 1!
Your Shields skill increases to level 1!
Your Invocations skill increases to level 1!
Your Evocations skill increases to level 1!
You have reached level 4!
You feel clever.
Your talons disappear.
Found a dagger.
Things that are here:
a rapier; a robe
i - a rapier
Found a dagger.
Magic restored.
Found a leather armour.
An orc comes into view. It is wielding an antimagic flail.
The orc shouts!
You hear a shout!
A rat comes into view.
An orc wizard comes into view. It is wielding a rapier of freezing.
Casting: Beastly Appendage
Confirm with . or Enter, or press ? or * to list all spells.
Your feet morph into talons.
An orc wizard comes into view. It is wielding a dagger.
The orc wizard shouts!
You hear a bark!
The orc wizard casts a spell.
The orc wizard seems to speed up.
You hit the orc but do no damage. You bite the orc, but do no damage.
The orc misses you.
You hit the orc.
The orc is heavily wounded.
The orc wizard gestures wildly while chanting.
The orc wizard blinks!
You hit the orc.
You kill the orc!
Your transformation is almost over.
The rat closely misses you.
Casting: Beastly Appendage
Confirm with . or Enter, or press ? or * to list all spells.
You extend your transformation's duration.
The rat closely misses you.
The orc wizard mumbles some strange words.
The orc wizard blinks!
You punch the rat!
You kill the rat!
You hit the orc wizard but do no damage.
You hit the orc wizard.
The orc wizard is moderately wounded.
The orc wizard hits you but does no damage.
You barely miss the orc wizard. Your kick misses the orc wizard.
The orc wizard is moderately wounded.
The orc wizard gestures at you while chanting.
The puff of frost hits you!
The orc wizard gestures wildly while chanting.
The orc wizard blinks!
You punch the orc wizard! Your kick misses the orc wizard.
You bite the orc wizard, but do no damage.
The orc wizard is severely wounded.
The orc wizard casts a cantrip, but nothing happens.
You hit the orc wizard.
You kill the orc wizard!
Memorise Sticks to Snakes, consuming 2 spell levels and leaving 10?
You start memorising the spell.
You continue memorising.
Your transformation is almost over.
Magic restored.
You continue memorising.
The orc wizard misses you.
You finish memorising.
Spell assigned to 'k'.
You hit the orc wizard but do no damage.
Your kick misses the orc wizard. The orc wizard completely misses you.
You hit the orc wizard but do no damage.
Your bite misses the orc wizard. The orc wizard hits you with a dagger.
* * * LOW HITPOINT WARNING * * *
You barely miss the orc wizard.
You claw the orc wizard, but do no damage.
The orc wizard gestures wildly while chanting.
The orc wizard blinks!
The orc wizard gestures at you while chanting.
The magic dart hits you!
* * * LOW HITPOINT WARNING * * *
The orc wizard gestures at you while chanting.
You feel yourself slow down.
You closely miss the orc wizard. Your kick misses the orc wizard.
The orc wizard hits you but does no damage.
The orc wizard gestures at you while chanting.
The magic dart hits you!
* * * LOW HITPOINT WARNING * * *
You punch the orc wizard! Your kick misses the orc wizard.
You punch the orc wizard, but do no damage.
The orc wizard is heavily wounded.
The orc wizard points at you and mumbles some strange words.
The magic dart hits you!
You die...

### ###......#
...o###.......#
#...........####
#.o.r..o......[#
.........o.##.##.#
.#########)# ..#
#.# #.# #.#####.#
#..).@o.# ∆
#######.# #.# #.#
.## #####.# ..#
#.....# #.#
########.##### #.#
#........# ..#
#.#####..#


You could see an orc wizard.

Vanquished Creatures
  3 orc wizards (D:3)
  A dart slug (D:3)
  2 orcs (D:3)
  A kobold (D:2)
  2 rats
9 creatures vanquished.

Notes
Turn   | Place    | Note
-------+----------+-------------------------------------------
     0 | D:1      | tidbits the Gnoll Transmuter began the quest for the Orb.
     0 | D:1      | Reached XP level 1. HP: 17/17 MP: 6/6
    55 | D:3      | Noticed an orc wizard
    56 | D:3      | Noticed an orc wizard
    63 | D:3      | Killed an orc wizard
    63 | D:3      | Reached skill level 5 in Spellcasting
    63 | D:3      | Reached XP level 2. HP: 23/23 MP: 6/8
    63 | D:3      | Reached XP level 3. HP: 28/28 MP: 6/9
    77 | D:3      | Reached skill level 1 in Short Blades
    77 | D:3      | Reached skill level 1 in Long Blades
    77 | D:3      | Reached skill level 1 in Axes
    77 | D:3      | Reached skill level 1 in Maces & Flails
    77 | D:3      | Reached skill level 1 in Polearms
    77 | D:3      | Reached skill level 1 in Staves
    77 | D:3      | Reached skill level 1 in Slings
    77 | D:3      | Reached skill level 1 in Bows
    77 | D:3      | Reached skill level 1 in Crossbows
    77 | D:3      | Reached skill level 1 in Throwing
    77 | D:3      | Reached skill level 1 in Armour
    77 | D:3      | Reached skill level 1 in Stealth
    77 | D:3      | Reached skill level 1 in Shields
    77 | D:3      | Reached skill level 1 in Invocations
    77 | D:3      | Reached skill level 1 in Evocations
    77 | D:3      | Reached XP level 4. HP: 24/34 MP: 8/11
   133 | D:3      | Learned a level 2 spell: Sticks to Snakes
   137 | D:3      | HP: 3/34 [orc wizard/magic dart (9)]
   138 | D:3      | Killed from afar by an orc wizard

Skill      XL: |  1  2  3 |
---------------+----------+-----
Spellcasting   | 5 |  5.1
Short Blades   | 1 |  1.1
Long Blades    | 1 |  1.1
Axes           | 1 |  1.1
Maces & Flails | 1 |  1.1
Polearms       | 1 |  1.1
Staves         | 1 |  1.1
Slings         | 1 |  1.1
Bows           | 1 |  1.1
Crossbows      | 1 |  1.1
Throwing       | 1 |  1.1
Armour         | 1 |  1.1
Stealth        | 1 |  1.1
Shields        | 1 |  1.1
Invocations    | 1 |  1.2
Evocations     | 1 |  1.1
Fighting       | |  2.7
Dodging        | |  4.6
Unarmed Combat | |  6.6
Conjurations   | |  0.9
Hexes          | |  0.9
Charms         | |  0.9
Summonings     | |  0.9
Necromancy     | |  0.9
Translocations | |  0.9
Transmutations | |  3.8
Fire Magic     | |  0.9
Ice Magic      | |  0.9
Air Magic      | |  0.9
Earth Magic    | |  0.9
Poison Magic   | |  0.9

Action                   |  1- 3 |  4- 6 || total
-------------------------+-------+-------++-------
Melee: Unarmed           |    24 |    14 ||    38
       Kick              |     9 |     1 ||    10
       Bite              |     2 |     2 ||     4
       Punch             |       |     1 ||     1
 Cast: Beastly Appendage |     4 |     2 ||     6
Armor: Robe              |     1 |       ||     1
Dodge: Dodged            |     9 |     5 ||    14

Table legend:
 A = Turns spent in this place as a percentage of turns spent in the entire game.
 B = Non-inter-level travel turns spent in this place as a percentage of non-inter-level travel turns spent in the entire game.
 C = Inter-level travel turns spent in this place as a percentage of turns spent in this place.
 D = Turns resting spent in this place as a percentage of non-inter-level travel turns spent in this place.
 E = Turns spent auto-exploring this place as a percentage of non-inter-level travel turns spent in this place.
 F = Non-inter-level travel turns spent in this place divided by the number of levels of this place that you've seen.
                   A       B       C       D       E      F
               +-------+-------+-------+-------+-------+----------------------
         Total | 100.0 | 100.0 |   0.0 |   0.0 |   0.0 |  46.0
       Dungeon | 100.0 | 100.0 |   0.0 |   0.0 |   0.0 |  46.0
               +-------+-------+-------+-------+-------+----------------------

Table legend:
 A = Kills in this place as a percentage of kills in entire the game.
 B = Kills by you in this place as a percentage of kills by you in the entire game.
 C = Kills by friends in this place as a percentage of kills by friends in the entire game.
 D = Other kills in this place as a percentage of other kills in the entire game.
 E = Experience gained in this place as a percentage of experience gained in the entire game.
 F = Experience gained in this place divided by the number of levels of this place that you have seen.
                   A       B       C       D       E      F
               +-------+-------+-------+-------+-------+----------------------
         Total | 100.0 | 100.0 |   N/A |   N/A | 100.0 |  43.0
       Dungeon | 100.0 | 100.0 |   N/A |   N/A | 100.0 |  43.0
               +-------+-------+-------+-------+-------+----------------------

Vault maps used:
D:1:      mrwooster_arrival_statue
D:2:      serial_forest, infiniplex_forest_clump_diagonal,
          infiniplex_forest_clump_tiny, infiniplex_forest_3_way,
          infiniplex_forest_end_2, uniq_crazy_yiuf_cottage
D:3:      makhleb_altar_promises_db, minmay_unequal
